Senateurs vs Blues
Created - April 5, 2018 at 19:46
Goals
|
| Senateurs |
1 |
1 |
0 |
2 |
| Blues |
3 |
2 |
0 |
5 |
|
Shots
|
| Senateurs |
6 |
9 |
5 |
20 |
| Blues |
16 |
8 |
5 |
29 |
|
1st period
1. Blues , B.J. Crombeen 17 (Tomas Plekanec 13) at 11:23
2. Senateurs , Thomas Vanek 30 (Evgeni Malkin 55) at 12:06
3. Blues , Nicklas Backstrom 38 (Jason Pominville 41) at 19:03
4. Blues , David Perron 37 (Jason Pominville 42, Alex Pietrangelo 60) at 19:13 (PP)
Penalties :
Evgeni Malkin (Ott) for Slashing (Minor) at 4:10, Bryce Lampman (STL) for Hooking (Minor) at 14:23, Pascal Dupuis (Ott) for Hooking (Minor) at 19:06
2nd period
5. Blues , Nicklas Backstrom 39 (Jason Pominville 43, Alex Pietrangelo 61) at 10:51 (PP)
6. Blues , Travis Zajac 34 (Sergei Shirokov 20, Bryce Lampman 15) at 18:44 (PP)
7. Senateurs , Johan Franzen 17 (Brandon Dubinsky 15, Brenden Morrow 33) at 19:50
Penalties :
Christian Ehrhoff (STL) for Holding (Minor) at 6:46, Dan Hamhuis (Ott) for Hooking (Minor) at 10:33, Christian Ehrhoff (STL) for Hooking (Minor) at 13:21, Matt Taormina (STL) for Hooking (Minor) at 16:20, Marian Hossa (Ott) for Cross-checking (Minor) at 17:28
3rd period
No Goal
Penalties :
Nicklas Backstrom (STL) for Hooking (Minor) at 3:56, Christian Ehrhoff (STL) for Hooking (Minor) at 15:40, Brenden Morrow (Ott) for Slashing (Minor) at 18:47
Goalie Stats
Jeff Deslauriers (Ott), 6 saves from 6 shots - (1.000), 21:16 minutes
Ondrej Pavelec (Ott), 18 saves from 23 shots - (0.783), L, 29-21-2, 38:44 minutes
Carey Price (STL), 18 saves from 20 shots - (0.900), W, 31-28-7, 60:00 minutes
Players Stats for Senateurs
Player Name G A P +/- PIM S H SB GA TA FO MP PP MP PK MP
------------------------------------------------------------------------------------
Brandon Dubinsky 0 1 1 1 0 1 0 0 0 0 4/5 12:43 0:30 0:52
Brenden Morrow 0 1 1 0 2 3 0 0 1 1 0/1 19:02 5:13 1:13
Brooks Orpik 0 0 0 -1 0 0 2 1 0 0 0/0 11:36 0:02 0:00
Carlo Colaiacovo 0 0 0 1 0 0 1 1 0 0 0/0 21:25 5:36 2:04
Cody Franson 0 0 0 1 0 1 4 3 1 0 0/0 21:25 5:36 2:04
Cody Hodgson 0 0 0 0 0 1 1 1 0 0 8/12 17:48 5:16 0:00
Dan Girardi 0 0 0 0 0 0 0 0 0 0 0/0 4:00 0:00 0:18
Dan Hamhuis 0 0 0 0 2 0 1 0 0 0 0/0 26:01 5:25 1:39
David Krejci 0 0 0 -1 0 1 0 0 0 0 1/4 7:20 0:00 0:00
Evgeni Malkin 0 1 1 -1 2 2 3 0 0 0 7/23 24:54 5:07 1:13
Johan Franzen 1 0 1 1 0 4 2 0 1 1 0/0 15:41 5:16 0:00
Kurtis Foster 0 0 0 0 0 0 1 1 0 1 0/0 23:44 5:27 1:57
Marian Hossa 0 0 0 0 2 1 2 0 0 1 0/0 20:09 5:24 2:09
Pascal Dupuis 0 0 0 0 2 0 1 0 0 0 1/3 14:22 0:02 0:00
Ramzi Abid 0 0 0 1 0 1 0 0 1 2 1/1 13:02 0:47 0:15
Sergei Kostitsyn 0 0 0 -1 0 1 1 0 0 0 0/1 9:48 0:00 1:34
Thomas Vanek 1 0 1 0 0 2 0 0 0 0 2/2 20:15 5:33 0:46
Vladimir Mihalik 0 0 0 -1 0 2 0 0 0 0 0/0 11:48 0:00 0:00
Players Stats for Blues
Player Name G A P +/- PIM S H SB GA TA FO MP PP MP PK MP
------------------------------------------------------------------------------------
Alex Pietrangelo 0 2 2 -1 0 1 0 2 1 1 0/0 27:12 2:32 6:38
B.J. Crombeen 1 0 1 1 0 1 0 0 0 1 0/0 7:34 1:11 0:00
Bryce Lampman 0 1 1 -1 2 1 0 2 0 0 0/0 24:38 1:29 5:16
Christian Ehrhoff 0 0 0 1 6 0 0 0 0 0 0/0 10:33 0:00 0:00
David Perron 1 0 1 0 0 4 1 0 1 0 0/2 19:06 2:25 0:00
Derek Boogaard 0 0 0 1 0 0 0 0 0 1 0/0 8:45 0:00 2:07
Jake Gardiner 0 0 0 0 0 0 2 3 1 0 0/0 23:58 2:57 4:25
Jason Pominville 0 3 3 0 0 4 3 0 1 0 0/0 21:47 2:06 3:12
Linus Omark 0 0 0 0 0 2 0 0 0 0 0/0 8:30 0:00 0:00
Logan Couture 0 0 0 0 0 1 1 0 1 0 2/5 12:15 0:00 3:42
Matt Taormina 0 0 0 0 2 2 1 1 0 0 0/0 17:27 1:29 1:22
Milan Michalek 0 0 0 -1 0 2 0 0 0 0 0/0 13:18 1:11 0:00
Nicklas Backstrom 2 0 2 0 2 6 1 0 0 0 16/26 20:46 2:25 1:33
Patrick Kaleta 0 0 0 0 0 0 0 0 1 0 1/2 14:22 0:00 5:32
Sergei Shirokov 0 1 1 -1 0 3 1 1 0 0 0/0 13:30 0:44 0:00
Tomas Plekanec 0 1 1 1 0 0 0 0 0 0 2/2 6:35 0:00 0:13
Travis Zajac 1 0 1 -1 0 1 3 0 0 0 7/15 20:39 1:36 5:47
Yann Sauvé 0 0 0 1 0 1 1 1 0 1 0/0 17:05 0:00 4:25
3 Stars
1 - Jason Pominville (STL)
2 - Nicklas Backstrom (STL)
3 - B.J. Crombeen (STL)
Power Play
Senateurs - 0 on 6 Attempt(s) - 0.00%
Blues - 3 on 5 Attempt(s) - 60.00%
Penalty Kill
Senateurs - 2 on 5 Attempt(s) - 40.00%
- Score 0 goal in Penalty Kill
Blues - 6 on 6 Attempt(s) - 100.00%
- Score 0 goal in Penalty Kill
Team Stat
Senateurs - Hits : 19 - Faceoff Wins : 24 - Blocked Shots : 7 - Penalty Minutes : 10
Blues - Hits : 14 - Faceoff Wins : 28 - Blocked Shots : 10 - Penalty Minutes : 12
Official
Referees : McCreary Bill and Leggo Mike
Linesman : Jay Sharrers and Mike Cvik
Game Notes
Jeff Deslauriers enters game at 18:44 of 2nd period
Finance
Level 1 -- Attendance: 5863 (97.72%) -- Ticket Income $521,807
Level 2 -- Attendance: 3695 (73.90%) -- Ticket Income $210,615
Level 3 -- Attendance: 1768 (88.40%) -- Ticket Income $61,880
Level 4 -- Attendance: 3936 (98.40%) -- Ticket Income $94,464
Luxury Box -- Attendance: 749 (74.90%) -- Ticket Income $130,326
Game was played at the Scotttrade center.
Total Attendance: 16011 (88.95%)
Total Ticket Income: $1,019,092
Other Income: $152,864
Total Income: $1,171,956
Senateurs
5 vs 5 Forward
Center Left Wing Right Wing Time % Phy DF OF
1 Evgeni Malkin Thomas Vanek Pascal Dupuis 40 1 2 2
2 Cody Hodgson Brenden Morrow Marian Hossa 30 1 2 2
3 Brandon Dubinsky Ramzi Abid Johan Franzen 20 1 2 2
4 David Krejci Sergei Kostitsyn Evgeni Malkin 10 1 2 2
5 vs 5 Defense
Defense Defense Time % Phy DF OF
1 Dan Hamhuis Kurtis Foster 40 1 2 2
2 Carlo Colaiacovo Cody Franson 30 1 2 2
3 Brooks Orpik Vladimir Mihalik 20 1 2 2
4 Dan Girardi Dan Hamhuis 10 1 2 2
PowerPlay Forward
Center Left Wing Right Wing Time % Phy DF OF
1 Evgeni Malkin Thomas Vanek Marian Hossa 60 1 2 2
2 Cody Hodgson Brenden Morrow Johan Franzen 40 1 2 2
PowerPlay Defense
Defense Defense Time % Phy DF OF
1 Dan Hamhuis Kurtis Foster 60 1 2 2
2 Carlo Colaiacovo Cody Franson 40 1 2 2
Penalty Kill 4 Players Forward
Center Wing Time % Phy DF OF
1 Evgeni Malkin Marian Hossa 60 1 2 2
2 Thomas Vanek Brenden Morrow 40 1 2 2
Penalty Kill 4 Players Defense
Defense Defense Time % Phy DF OF
1 Dan Hamhuis Kurtis Foster 60 1 2 2
2 Carlo Colaiacovo Cody Franson 40 1 2 2
Penalty Kill - 3 Players Forward
Forward Time % Phy DF OF
1 Evgeni Malkin 60 1 2 2
2 Marian Hossa 40 1 2 2
Penalty Kill - 3 Players Defense
Defense Defense Time % Phy DF OF
1 Dan Hamhuis Kurtis Foster 60 1 2 2
2 Carlo Colaiacovo Cody Franson 40 1 2 2
4 vs 4 Forward
Center Wing Time % Phy DF OF
1 Evgeni Malkin Marian Hossa 60 1 2 2
2 Thomas Vanek Brenden Morrow 40 1 2 2
4 vs 4 Defense
Defense Defense Time % Phy DF OF
1 Dan Hamhuis Kurtis Foster 60 1 2 2
2 Carlo Colaiacovo Cody Franson 40 1 2 2
Last Minutes Offensive
Center Left Wing Right Wing Defense Defense
Evgeni Malkin Thomas Vanek Marian Hossa Dan Hamhuis Kurtis Foster
Last Minutes Defensive
Center Left Wing Right Wing Defense Defense
Evgeni Malkin Thomas Vanek Marian Hossa Dan Hamhuis Kurtis Foster
Goaltenders
Starting : Ondrej Pavelec
Backup : Jeff Deslauriers
Extra Forwards
Normal : Ramzi Abid, Brandon Dubinsky, Sergei Kostitsyn - PP : Ramzi Abid, Brandon Dubinsky - PK : Sergei Kostitsyn
Extra Defensemen
Normal : Brooks Orpik, Vladimir Mihalik, Dan Girardi - PP : Brooks Orpik - PK : Vladimir Mihalik, Dan Girardi
Penalty Shots
Evgeni Malkin, Marian Hossa, Thomas Vanek, Brenden Morrow, Johan Franzen
Scratches
Milan Hejduk (Healthy), Ryan Malone (Healthy)
Blues
5 vs 5 Forward
Center Left Wing Right Wing Time % Phy DF OF
1 Nicklas Backstrom David Perron Jason Pominville 40 1 2 2
2 Travis Zajac Milan Michalek Sergei Shirokov 30 1 2 2
3 Logan Couture Linus Omark Patrick Kaleta 20 1 2 2
4 Tomas Plekanec Derek Boogaard B.J. Crombeen 10 1 2 2
5 vs 5 Defense
Defense Defense Time % Phy DF OF
1 Alex Pietrangelo Bryce Lampman 40 1 2 2
2 Jake Gardiner Matt Taormina 30 1 2 2
3 Christian Ehrhoff Yann Sauvé 20 1 2 2
4 Jake Gardiner Yann Sauvé 10 1 2 2
PowerPlay Forward
Center Left Wing Right Wing Time % Phy DF OF
1 Nicklas Backstrom David Perron Jason Pominville 60 1 2 2
2 Travis Zajac Milan Michalek B.J. Crombeen 40 1 2 2
PowerPlay Defense
Defense Defense Time % Phy DF OF
1 Jake Gardiner Alex Pietrangelo 60 1 2 2
2 Matt Taormina Bryce Lampman 40 1 2 2
Penalty Kill 4 Players Forward
Center Wing Time % Phy DF OF
1 Travis Zajac Patrick Kaleta 60 1 2 2
2 Logan Couture Jason Pominville 40 1 2 2
Penalty Kill 4 Players Defense
Defense Defense Time % Phy DF OF
1 Alex Pietrangelo Bryce Lampman 60 1 2 2
2 Yann Sauvé Jake Gardiner 40 1 2 2
Penalty Kill - 3 Players Forward
Forward Time % Phy DF OF
1 Travis Zajac 60 1 2 2
2 Tomas Plekanec 40 1 2 2
Penalty Kill - 3 Players Defense
Defense Defense Time % Phy DF OF
1 Bryce Lampman Yann Sauvé 60 1 2 2
2 Alex Pietrangelo Jake Gardiner 40 1 2 2
4 vs 4 Forward
Center Wing Time % Phy DF OF
1 Travis Zajac Sergei Shirokov 60 1 2 2
2 Nicklas Backstrom Linus Omark 40 1 2 2
4 vs 4 Defense
Defense Defense Time % Phy DF OF
1 Matt Taormina Alex Pietrangelo 60 1 2 2
2 Bryce Lampman Jake Gardiner 40 1 2 2
Last Minutes Offensive
Center Left Wing Right Wing Defense Defense
Nicklas Backstrom David Perron Jason Pominville Jake Gardiner Alex Pietrangelo
Last Minutes Defensive
Center Left Wing Right Wing Defense Defense
Travis Zajac Milan Michalek Patrick Kaleta Bryce Lampman Yann Sauvé
Goaltenders
Starting : Carey Price
Backup : Ray Emery
Extra Forwards
Normal : Patrick Kaleta, Logan Couture, David Perron - PP : Sergei Shirokov, Tomas Plekanec - PK : Nicklas Backstrom
Extra Defensemen
Normal : Jake Gardiner, Yann Sauvé, Matt Taormina - PP : Christian Ehrhoff - PK : Alex Pietrangelo, Matt Taormina
Penalty Shots
David Perron, Logan Couture, Nicklas Backstrom, Sergei Shirokov, Travis Zajac
Scratches
Marcel Hossa (Healthy), Victor Hedman (Bruised Right Foot Injury), Rickard Wallin (Healthy)
% Time on Ice - Senateurs
Lines # - Real PCT - Wanted PCT - Time Play
Normal Forward
1 - 33% - 40% - 14:33
2 - 29% - 30% - 12:34
3 - 22% - 20% - 9:38
4 - 17% - 10% - 7:20
Normal Defense
1 - 36% - 40% - 15:39
2 - 31% - 30% - 13:35
3 - 25% - 20% - 11:09
4 - 8% - 10% - 3:42
PP Forward
1 - 52% - 60% - 5:47
2 - 48% - 40% - 5:16
PP Defense
1 - 49% - 60% - 5:27
2 - 51% - 40% - 5:36
PK Forward
1 - 81% - 60% - 3:15
2 - 19% - 40% - 0:46
PK Defense
1 - 49% - 60% - 1:57
2 - 51% - 40% - 2:04
PK3 Forward
1 - 0% - 60%
2 - 0% - 40%
PK3 Defense
1 - 0% - 60%
2 - 0% - 40%
44 Forward
1 - 100% - 60% - 0:51
2 - 0% - 40% - 0:00
44 Defense
1 - 80% - 60% - 0:41
2 - 20% - 40% - 0:10
Last Minute Offensive - 0:00
Last Minute Defensive - 0:00
Total
Forward - 60:00
Defense - 60:00
|
% Time on Ice - Blues
Lines # - Real PCT - Wanted PCT - Time Play
Normal Forward
1 - 39% - 40% - 17:06
2 - 28% - 30% - 12:15
3 - 19% - 20% - 8:22
4 - 14% - 10% - 6:22
Normal Defense
1 - 40% - 40% - 17:41
2 - 34% - 30% - 14:54
3 - 22% - 20% - 9:31
4 - 4% - 10% - 1:59
PP Forward
1 - 71% - 60% - 2:50
2 - 29% - 40% - 1:11
PP Defense
1 - 63% - 60% - 2:32
2 - 37% - 40% - 1:29
PK Forward
1 - 71% - 60% - 7:51
2 - 29% - 40% - 3:12
PK Defense
1 - 60% - 60% - 6:38
2 - 40% - 40% - 4:25
PK3 Forward
1 - 0% - 60%
2 - 0% - 40%
PK3 Defense
1 - 0% - 60%
2 - 0% - 40%
44 Forward
1 - 84% - 60% - 0:43
2 - 16% - 40% - 0:08
44 Defense
1 - 98% - 60% - 0:50
2 - 2% - 40% - 0:01
Last Minute Offensive - 0:00
Last Minute Defensive - 0:00
Total
Forward - 60:00
Defense - 60:00
|
Play by Play
1st period
0:01 of 1st period - Nicklas Backstrom wins face-off versus Evgeni Malkin in neutral zone.
0:25 of 1st period - Backhand shot by Brenden Morrow.
0:25 of 1st period - Shot Hit the Post.
0:35 of 1st period - Snap shot by Sergei Shirokov.
0:35 of 1st period - Stopped by Ondrej Pavelec with a rebound.
0:37 of 1st period - Slapshot by Bryce Lampman.
0:37 of 1st period - Shot Blocked by Cody Franson.
1:33 of 1st period - Slapshot by Jason Pominville.
1:33 of 1st period - Shot Blocked by Brooks Orpik.
1:35 of 1st period - Slapshot by Jake Gardiner.
1:35 of 1st period - Deflect By Nicklas Backstrom.
1:35 of 1st period - Shot Misses the Net.
1:35 of 1st period - Puck is out of play.
1:36 of 1st period - Cody Hodgson wins face-off versus Travis Zajac in Senateurs zone.
1:41 of 1st period - Kurtis Foster is hit by Travis Zajac and loses puck.
2:05 of 1st period - Kurtis Foster is hit by Jason Pominville.
2:10 of 1st period - Off-side.
2:11 of 1st period - Brandon Dubinsky wins face-off versus Logan Couture in neutral zone.
3:02 of 1st period - Snap shot by Nicklas Backstrom.
3:02 of 1st period - Shot Misses the Net.
3:04 of 1st period - Wrist shot by Travis Zajac.
3:04 of 1st period - Shot Misses the Net.
3:06 of 1st period - Slapshot by Bryce Lampman.
3:06 of 1st period - Shot Blocked by Cody Hodgson.
3:08 of 1st period - Slapshot by Travis Zajac.
3:08 of 1st period - Deflect By Milan Michalek.
3:08 of 1st period - Shot Misses the Net.
3:08 of 1st period - Puck is out of play.
3:09 of 1st period - Brandon Dubinsky wins face-off versus Travis Zajac in Senateurs zone.
3:24 of 1st period - Snap shot by Sergei Shirokov.
3:24 of 1st period - Shot Misses the Net.
4:06 of 1st period - Snap shot by Sergei Shirokov.
4:06 of 1st period - Deflect By Milan Michalek.
4:06 of 1st period - Shot Misses the Net.
4:06 of 1st period - Puck is out of play.
4:07 of 1st period - Nicklas Backstrom wins face-off versus Pascal Dupuis in Senateurs zone.
4:08 of 1st period - Snap shot by David Perron.
4:08 of 1st period - Stopped by Ondrej Pavelec with a rebound.
4:10 of 1st period - Minor Penalty to Evgeni Malkin for Slashing.
4:11 of 1st period - Nicklas Backstrom wins face-off versus Sergei Kostitsyn in Senateurs zone.
6:01 of 1st period - Dan Hamhuis is hit by Sergei Shirokov.
6:10 of 1st period - Penalty to Evgeni Malkin is over, Evgeni Malkin is back on ice.
6:35 of 1st period - Bryce Lampman is hit by Brooks Orpik and loses puck.
6:46 of 1st period - Ramzi Abid is hit by Logan Couture and loses puck.
7:46 of 1st period - Wrist shot by Milan Michalek.
7:46 of 1st period - Stopped by Ondrej Pavelec with a rebound.
8:12 of 1st period - Dan Girardi is hit by Jason Pominville and loses puck.
9:25 of 1st period - Sergei Kostitsyn is hit by Yann Sauvé and loses puck.
10:13 of 1st period - Snap shot by Bryce Lampman.
10:13 of 1st period - Deflect By Brandon Dubinsky.
10:13 of 1st period - Stopped by Ondrej Pavelec without a rebound.
10:14 of 1st period - Brandon Dubinsky wins face-off versus Logan Couture in Senateurs zone.
10:35 of 1st period - Carlo Colaiacovo is hit by Jake Gardiner and loses puck.
11:17 of 1st period - Off-side.
11:18 of 1st period - Tomas Plekanec wins face-off versus David Krejci in neutral zone.
11:23 of 1st period - Slapshot by B.J. Crombeen.
11:23 of 1st period - Goal by B.J. Crombeen - Senateurs : 0 - Blues : 1.
11:24 of 1st period - Nicklas Backstrom wins face-off versus Evgeni Malkin in neutral zone.
11:36 of 1st period - Icing by Dan Hamhuis.
11:37 of 1st period - Nicklas Backstrom wins face-off versus Evgeni Malkin in Senateurs zone.
11:45 of 1st period - Icing by Dan Hamhuis.
11:46 of 1st period - Nicklas Backstrom wins face-off versus Evgeni Malkin in Senateurs zone.
11:55 of 1st period - Wrist shot by Nicklas Backstrom.
11:55 of 1st period - Stopped by Ondrej Pavelec with a rebound.
12:01 of 1st period - Alex Pietrangelo is hit by Pascal Dupuis and loses puck.
12:06 of 1st period - Snap shot by Thomas Vanek.
12:06 of 1st period - Goal by Thomas Vanek - Senateurs : 1 - Blues : 1.
12:07 of 1st period - Evgeni Malkin wins face-off versus Nicklas Backstrom in neutral zone.
12:10 of 1st period - Jake Gardiner is hit by Evgeni Malkin.
12:39 of 1st period - Snap shot by Sergei Shirokov.
12:39 of 1st period - Stopped by Ondrej Pavelec with a rebound.
12:41 of 1st period - Snap shot by Milan Michalek.
12:41 of 1st period - Stopped by Ondrej Pavelec without a rebound.
12:42 of 1st period - Travis Zajac wins face-off versus Cody Hodgson in Senateurs zone.
12:49 of 1st period - Slapshot by Sergei Shirokov.
12:49 of 1st period - Stopped by Ondrej Pavelec with a rebound.
13:11 of 1st period - Icing by Nicklas Backstrom.
13:12 of 1st period - Nicklas Backstrom wins face-off versus Brandon Dubinsky in Blues zone.
13:12 of 1st period - Nicklas Backstrom is hit by Cody Franson.
13:18 of 1st period - Slapshot by David Perron.
13:18 of 1st period - Shot Blocked by Cody Franson.
13:20 of 1st period - Wrist shot by Nicklas Backstrom.
13:20 of 1st period - Stopped by Ondrej Pavelec with a rebound.
13:50 of 1st period - Wrist shot by Johan Franzen.
13:50 of 1st period - Stopped by Carey Price with a rebound.
13:52 of 1st period - Snap shot by Ramzi Abid.
13:52 of 1st period - Shot Misses the Net.
13:54 of 1st period - Slapshot by Cody Franson.
13:54 of 1st period - Stopped by Carey Price with a rebound.
13:56 of 1st period - Backhand shot by Ramzi Abid.
13:56 of 1st period - Stopped by Carey Price without a rebound.
13:57 of 1st period - Logan Couture wins face-off versus Evgeni Malkin in Blues zone.
14:23 of 1st period - Minor Penalty to Bryce Lampman for Hooking.
14:24 of 1st period - Travis Zajac wins face-off versus Evgeni Malkin in Blues zone.
14:39 of 1st period - Wrist shot by Thomas Vanek.
14:39 of 1st period - Shot Misses the Net.
14:57 of 1st period - Snap shot by Brenden Morrow.
14:57 of 1st period - Shot Blocked by Matt Taormina.
14:59 of 1st period - Snap shot by Johan Franzen.
14:59 of 1st period - Stopped by Carey Price without a rebound.
15:00 of 1st period - Evgeni Malkin wins face-off versus Travis Zajac in Blues zone.
15:17 of 1st period - Logan Couture is hit by Johan Franzen and loses puck.
16:23 of 1st period - Penalty to Bryce Lampman is over, Bryce Lampman is back on ice.
18:03 of 1st period - Snap shot by Nicklas Backstrom.
18:03 of 1st period - Stopped by Ondrej Pavelec with a rebound.
18:05 of 1st period - Wrist shot by Jason Pominville.
18:05 of 1st period - Shot Misses the Net.
18:07 of 1st period - Wrist shot by David Perron.
18:07 of 1st period - Stopped by Ondrej Pavelec without a rebound.
18:08 of 1st period - Brandon Dubinsky wins face-off versus Nicklas Backstrom in Senateurs zone.
18:13 of 1st period - Snap shot by Nicklas Backstrom.
18:13 of 1st period - Shot Misses the Net.
18:15 of 1st period - Backhand shot by Matt Taormina.
18:15 of 1st period - Stopped by Ondrej Pavelec with a rebound.
18:17 of 1st period - Wrist shot by David Perron.
18:17 of 1st period - Shot Misses the Net.
18:19 of 1st period - Wrist shot by Jason Pominville.
18:19 of 1st period - Shot Misses the Net.
18:21 of 1st period - Snap shot by Jason Pominville.
18:21 of 1st period - Stopped by Ondrej Pavelec without a rebound.
18:22 of 1st period - Cody Hodgson wins face-off versus Travis Zajac in Senateurs zone.
18:26 of 1st period - Off-side.
18:27 of 1st period - Cody Hodgson wins face-off versus Travis Zajac in neutral zone.
18:43 of 1st period - Snap shot by Marian Hossa.
18:43 of 1st period - Stopped by Carey Price with a rebound.
19:03 of 1st period - Slapshot by Nicklas Backstrom.
19:03 of 1st period - Goal by Nicklas Backstrom - Senateurs : 1 - Blues : 2.
19:04 of 1st period - Pascal Dupuis wins face-off versus David Perron in neutral zone.
19:06 of 1st period - Minor Penalty to Pascal Dupuis for Hooking.
19:07 of 1st period - Nicklas Backstrom wins face-off versus Evgeni Malkin in Senateurs zone.
19:13 of 1st period - Snap shot by David Perron.
19:13 of 1st period - Goal by David Perron - Senateurs : 1 - Blues : 3.
19:14 of 1st period - Nicklas Backstrom wins face-off versus Evgeni Malkin in neutral zone.
Goals for this period are 1 for Senateurs vs 3 for Blues.
Shots for this period are 6 for Senateurs vs 16 for Blues.
2nd period
0:01 of 2nd period - Evgeni Malkin wins face-off versus Nicklas Backstrom in neutral zone.
0:06 of 2nd period - Snap shot by Evgeni Malkin.
0:06 of 2nd period - Shot Misses the Net.
0:45 of 2nd period - Icing by Cody Hodgson.
0:46 of 2nd period - Cody Hodgson wins face-off versus Patrick Kaleta in Senateurs zone.
0:55 of 2nd period - Slapshot by Thomas Vanek.
0:55 of 2nd period - Deflect By Linus Omark.
0:55 of 2nd period - Shot Blocked by Jake Gardiner.
0:55 of 2nd period - Puck is out of play.
0:56 of 2nd period - Nicklas Backstrom wins face-off versus Evgeni Malkin in Blues zone.
1:48 of 2nd period - Slapshot by Nicklas Backstrom.
1:48 of 2nd period - Shot Misses the Net.
1:50 of 2nd period - Slapshot by Jake Gardiner.
1:50 of 2nd period - Shot Misses the Net.
2:02 of 2nd period - Wrist shot by Evgeni Malkin.
2:02 of 2nd period - Stopped by Carey Price without a rebound.
2:03 of 2nd period - Cody Hodgson wins face-off versus Travis Zajac in Blues zone.
2:15 of 2nd period - Wrist shot by Cody Hodgson.
2:15 of 2nd period - Shot Blocked by Alex Pietrangelo.
2:17 of 2nd period - Slapshot by Brenden Morrow.
2:17 of 2nd period - Stopped by Carey Price with a rebound.
2:19 of 2nd period - Snap shot by Cody Hodgson.
2:19 of 2nd period - Shot Misses the Net.
4:43 of 2nd period - Kurtis Foster is hit by Jason Pominville.
4:44 of 2nd period - Icing by Kurtis Foster.
4:45 of 2nd period - Cody Hodgson wins face-off versus Nicklas Backstrom in Senateurs zone.
5:12 of 2nd period - Snap shot by Thomas Vanek.
5:12 of 2nd period - Shot Misses the Net.
5:41 of 2nd period - Tomas Plekanec is hit by Evgeni Malkin and loses puck.
6:00 of 2nd period - Snap shot by Brenden Morrow.
6:00 of 2nd period - Shot Misses the Net.
6:20 of 2nd period - Wrist shot by David Perron.
6:20 of 2nd period - Shot Misses the Net.
6:26 of 2nd period - Snap shot by Jason Pominville.
6:26 of 2nd period - Stopped by Ondrej Pavelec with a rebound.
6:30 of 2nd period - Wrist shot by David Perron.
6:30 of 2nd period - Stopped by Ondrej Pavelec with a rebound.
6:46 of 2nd period - Minor Penalty to Christian Ehrhoff for Holding.
6:47 of 2nd period - Travis Zajac wins face-off versus Cody Hodgson in Blues zone.
8:46 of 2nd period - Penalty to Christian Ehrhoff is over, Christian Ehrhoff is back on ice.
8:48 of 2nd period - Yann Sauvé is hit by Dan Hamhuis and loses puck.
9:01 of 2nd period - Snap shot by Sergei Kostitsyn.
9:01 of 2nd period - Stopped by Carey Price with a rebound.
9:03 of 2nd period - Wrist shot by Sergei Kostitsyn.
9:03 of 2nd period - Deflect By David Krejci.
9:03 of 2nd period - Stopped by Carey Price without a rebound.
9:04 of 2nd period - David Krejci wins face-off versus Nicklas Backstrom in Blues zone.
9:05 of 2nd period - Snap shot by Evgeni Malkin.
9:05 of 2nd period - Shot Blocked by Bryce Lampman.
9:07 of 2nd period - Snap shot by Evgeni Malkin.
9:07 of 2nd period - Shot Misses the Net.
9:09 of 2nd period - Slapshot by Vladimir Mihalik.
9:09 of 2nd period - Stopped by Carey Price without a rebound.
9:10 of 2nd period - Nicklas Backstrom wins face-off versus David Krejci in Blues zone.
9:10 of 2nd period - Nicklas Backstrom is hit by Evgeni Malkin.
9:56 of 2nd period - Slapshot by Vladimir Mihalik.
9:56 of 2nd period - Stopped by Carey Price with a rebound.
10:04 of 2nd period - Snap shot by Sergei Shirokov.
10:04 of 2nd period - Shot Misses the Net.
10:06 of 2nd period - Slapshot by Yann Sauvé.
10:06 of 2nd period - Stopped by Ondrej Pavelec with a rebound.
10:33 of 2nd period - Minor Penalty to Dan Hamhuis for Hooking.
10:34 of 2nd period - Evgeni Malkin wins face-off versus David Perron in Senateurs zone.
10:51 of 2nd period - Snap shot by Nicklas Backstrom.
10:51 of 2nd period - Goal by Nicklas Backstrom - Senateurs : 1 - Blues : 4.
10:52 of 2nd period - Nicklas Backstrom wins face-off versus Evgeni Malkin in neutral zone.
11:23 of 2nd period - Wrist shot by Sergei Shirokov.
11:23 of 2nd period - Shot Misses the Net.
11:49 of 2nd period - Slapshot by Kurtis Foster.
11:49 of 2nd period - Shot Blocked by Yann Sauvé.
11:51 of 2nd period - Wrist shot by Johan Franzen.
11:51 of 2nd period - Stopped by Carey Price with a rebound.
12:29 of 2nd period - Nicklas Backstrom is hit by Cody Franson and loses puck.
12:50 of 2nd period - David Krejci is hit by Travis Zajac and loses puck.
13:21 of 2nd period - Minor Penalty to Christian Ehrhoff for Hooking.
13:22 of 2nd period - Travis Zajac wins face-off versus Evgeni Malkin in Blues zone.
13:33 of 2nd period - Slapshot by Evgeni Malkin.
13:33 of 2nd period - Shot Misses the Net.
13:35 of 2nd period - Snap shot by Marian Hossa.
13:35 of 2nd period - Shot Blocked by Bryce Lampman.
13:37 of 2nd period - Slapshot by Evgeni Malkin.
13:37 of 2nd period - Shot Misses the Net.
13:47 of 2nd period - Alex Pietrangelo is hit by Cody Hodgson and loses puck.
14:52 of 2nd period - Patrick Kaleta is hit by Marian Hossa and loses puck.
15:03 of 2nd period - Snap shot by Jason Pominville.
15:03 of 2nd period - Stopped by Ondrej Pavelec without a rebound.
15:04 of 2nd period - Logan Couture wins face-off versus Brenden Morrow in Senateurs zone.
15:21 of 2nd period - Penalty to Christian Ehrhoff is over, Christian Ehrhoff is back on ice.
15:27 of 2nd period - Snap shot by Patrick Kaleta.
15:27 of 2nd period - Shot Misses the Net.
16:20 of 2nd period - Minor Penalty to Matt Taormina for Hooking.
16:21 of 2nd period - Cody Hodgson wins face-off versus Travis Zajac in Blues zone.
16:46 of 2nd period - Thomas Vanek is hit by Jake Gardiner and loses puck.
17:13 of 2nd period - Slapshot by Jason Pominville.
17:13 of 2nd period - Stopped by Ondrej Pavelec without a rebound.
17:14 of 2nd period - Evgeni Malkin wins face-off versus Logan Couture in Senateurs zone.
17:28 of 2nd period - Minor Penalty to Marian Hossa for Cross-checking.
17:29 of 2nd period - Travis Zajac wins face-off versus Evgeni Malkin in Senateurs zone.
17:29 of 2nd period - Wrist shot by Sergei Shirokov.
17:29 of 2nd period - Shot Misses the Net.
17:55 of 2nd period - Jake Gardiner is hit by Kurtis Foster and loses puck.
18:20 of 2nd period - Penalty to Matt Taormina is over, Matt Taormina is back on ice.
18:36 of 2nd period - Wrist shot by Travis Zajac.
18:36 of 2nd period - Shot Misses the Net.
18:38 of 2nd period - Slapshot by Bryce Lampman.
18:38 of 2nd period - Shot Misses the Net.
18:40 of 2nd period - Slapshot by Travis Zajac.
18:40 of 2nd period - Shot Blocked by Cody Franson.
18:42 of 2nd period - Slapshot by Sergei Shirokov.
18:42 of 2nd period - Shot Blocked by Carlo Colaiacovo.
18:44 of 2nd period - Slapshot by Travis Zajac.
18:44 of 2nd period - Goal by Travis Zajac - Senateurs : 1 - Blues : 5.
18:44 of 2nd period - Jeff Deslauriers enters game.
18:45 of 2nd period - Evgeni Malkin wins face-off versus Nicklas Backstrom in neutral zone.
19:18 of 2nd period - Snap shot by Alex Pietrangelo.
19:18 of 2nd period - Shot Blocked by Kurtis Foster.
19:20 of 2nd period - Snap shot by Linus Omark.
19:20 of 2nd period - Stopped by Jeff Deslauriers without a rebound.
19:21 of 2nd period - Thomas Vanek wins face-off versus Nicklas Backstrom in Senateurs zone.
19:34 of 2nd period - Wrist shot by Thomas Vanek.
19:34 of 2nd period - Stopped by Carey Price with a rebound.
19:50 of 2nd period - Slapshot by Johan Franzen.
19:50 of 2nd period - Goal by Johan Franzen - Senateurs : 2 - Blues : 5.
19:51 of 2nd period - Nicklas Backstrom wins face-off versus Evgeni Malkin in neutral zone.
Goals for this period are 1 for Senateurs vs 2 for Blues.
Shots for this period are 9 for Senateurs vs 8 for Blues.
3rd period
0:01 of 3rd period - Nicklas Backstrom wins face-off versus Evgeni Malkin in neutral zone.
0:07 of 3rd period - Off-side.
0:08 of 3rd period - Nicklas Backstrom wins face-off versus Pascal Dupuis in neutral zone.
0:11 of 3rd period - Slapshot by Alex Pietrangelo.
0:11 of 3rd period - Shot Misses the Net.
0:38 of 3rd period - Snap shot by Jason Pominville.
0:38 of 3rd period - Shot Misses the Net.
1:12 of 3rd period - Wrist shot by Evgeni Malkin.
1:12 of 3rd period - Stopped by Carey Price without a rebound.
1:13 of 3rd period - Cody Hodgson wins face-off versus Travis Zajac in Blues zone.
1:22 of 3rd period - Wrist shot by Cody Hodgson.
1:22 of 3rd period - Stopped by Carey Price without a rebound.
1:23 of 3rd period - Travis Zajac wins face-off versus Cody Hodgson in Blues zone.
1:44 of 3rd period - Snap shot by Matt Taormina.
1:44 of 3rd period - Stopped by Jeff Deslauriers with a rebound.
2:18 of 3rd period - Milan Michalek is hit by Carlo Colaiacovo and loses puck.
2:35 of 3rd period - Backhand shot by Brenden Morrow.
2:35 of 3rd period - Shot Blocked by Jake Gardiner.
2:37 of 3rd period - Slapshot by Cody Franson.
2:37 of 3rd period - Shot Blocked by Sergei Shirokov.
2:39 of 3rd period - Slapshot by Carlo Colaiacovo.
2:39 of 3rd period - Shot Blocked by Jake Gardiner.
2:41 of 3rd period - Slapshot by Cody Franson.
2:41 of 3rd period - Shot Misses the Net.
2:43 of 3rd period - Slapshot by Brenden Morrow.
2:43 of 3rd period - Stopped by Carey Price without a rebound.
2:44 of 3rd period - Nicklas Backstrom wins face-off versus Evgeni Malkin in Blues zone.
3:11 of 3rd period - Alex Pietrangelo is hit by Johan Franzen and loses puck.
3:56 of 3rd period - Minor Penalty to Nicklas Backstrom for Hooking.
3:57 of 3rd period - Travis Zajac wins face-off versus Evgeni Malkin in Blues zone.
5:56 of 3rd period - Penalty to Nicklas Backstrom is over, Nicklas Backstrom is back on ice.
6:39 of 3rd period - Vladimir Mihalik is hit by David Perron and loses puck.
6:54 of 3rd period - Sergei Shirokov is hit by Brooks Orpik and loses puck.
7:50 of 3rd period - Christian Ehrhoff is hit by Cody Franson and loses puck.
9:02 of 3rd period - Wrist shot by Nicklas Backstrom.
9:02 of 3rd period - Stopped by Jeff Deslauriers with a rebound.
9:04 of 3rd period - Slapshot by Bryce Lampman.
9:04 of 3rd period - Shot Misses the Net.
9:14 of 3rd period - Slapshot by Alex Pietrangelo.
9:14 of 3rd period - Stopped by Jeff Deslauriers with a rebound.
9:42 of 3rd period - Dan Hamhuis is hit by Nicklas Backstrom and loses puck.
11:42 of 3rd period - Pascal Dupuis is hit by Matt Taormina and loses puck.
11:53 of 3rd period - Wrist shot by Brenden Morrow.
11:53 of 3rd period - Stopped by Carey Price with a rebound.
12:22 of 3rd period - Jason Pominville is hit by Marian Hossa and loses puck.
12:30 of 3rd period - Icing by Nicklas Backstrom.
12:31 of 3rd period - Thomas Vanek wins face-off versus Nicklas Backstrom in Blues zone.
12:42 of 3rd period - Slapshot by Brenden Morrow.
12:42 of 3rd period - Shot Misses the Net.
12:56 of 3rd period - Snap shot by Logan Couture.
12:56 of 3rd period - Stopped by Jeff Deslauriers with a rebound.
12:58 of 3rd period - Wrist shot by Patrick Kaleta.
12:58 of 3rd period - Shot Misses the Net.
13:00 of 3rd period - Wrist shot by Linus Omark.
13:00 of 3rd period - Stopped by Jeff Deslauriers with a rebound.
13:12 of 3rd period - Cody Franson is hit by Travis Zajac and loses puck.
13:19 of 3rd period - Snap shot by Travis Zajac.
13:19 of 3rd period - Shot Misses the Net.
14:28 of 3rd period - Travis Zajac is hit by Sergei Kostitsyn and loses puck.
15:40 of 3rd period - Minor Penalty to Christian Ehrhoff for Hooking.
15:41 of 3rd period - Patrick Kaleta wins face-off versus Cody Hodgson in Blues zone.
15:54 of 3rd period - Wrist shot by Brenden Morrow.
15:54 of 3rd period - Shot Blocked by Alex Pietrangelo.
17:40 of 3rd period - Penalty to Christian Ehrhoff is over, Christian Ehrhoff is back on ice.
17:45 of 3rd period - Wrist shot by Brandon Dubinsky.
17:45 of 3rd period - Stopped by Carey Price without a rebound.
17:46 of 3rd period - Ramzi Abid wins face-off versus Nicklas Backstrom in Blues zone.
18:08 of 3rd period - Icing by Vladimir Mihalik.
18:09 of 3rd period - Tomas Plekanec wins face-off versus David Krejci in Senateurs zone.
18:32 of 3rd period - Wrist shot by Brenden Morrow.
18:32 of 3rd period - Shot Misses the Net.
18:47 of 3rd period - Minor Penalty to Brenden Morrow for Slashing.
18:48 of 3rd period - Evgeni Malkin wins face-off versus Nicklas Backstrom in Senateurs zone.
19:52 of 3rd period - Bryce Lampman is hit by Cody Franson and loses puck.
Goals for this period are 0 for Senateurs vs 0 for Blues.
Shots for this period are 5 for Senateurs vs 5 for Blues.
Back to the Top